 Dungeon Crawl Stone Soup version 0.17.1-2-g5865329 (webtiles) character file.

6313 Miyamura the Covert (level 10, -7/81 HPs)
             Began as an Octopode Transmuter on Feb 16, 2016.
             Was an Initiate of Gozag.
             Mangled by an orc warrior
             ... wielding a +0 trident
              (15 damage)
             ... on level 10 of the Dungeon.
             The game lasted 00:33:44 (9637 turns).

Miyamura the Covert (Octopode Transmuter)           Turns: 9637, Time: 00:33:45

Health: -7/81      AC:  6    Str: 10    XL:     10   Next: 95%
Magic:  18/18      EV: 14    Int: 18    God:    Gozag
Gold:   433        SH:  0    Dex: 17    Spells: 5 memorised, 8 levels left

rFire  . . .     SeeInvis .       - Unarmed
rCold  + + +     Clarity  .     (shield currently unavailable)
rNeg   . . .     SustAt   .     (helmet currently unavailable)
rPois  +         Gourm    .     (no amulet)
rElec  +         Spirit   .     s - ring of wizardry
rCorr  +         Warding  .     E - +4 ring of dexterity
rMut   .         Stasis   .     (no ring)
MR     .....                    (no ring)
Stlth  ++++......               (no ring)
                                (no ring)
                                (no ring)
                                (no ring)

@: ice-form, resistant, very slightly contaminated, hasted, very quick, not
resistant to hostile enchantments, stealthy
A: almost no armour, amphibious, 8 rings, (constrict 8), (camouflage 0),
(gelatinous body 0)
a: End Transformation, Potion Petition, Call Merchant, Bribe Branch, Renounce
Religion


You were on level 10 of the Dungeon.
You worshipped Gozag.
Gozag was noncommittal.
You were not hungry.
You were a creature of crystalline ice.
You visited 2 branches of the dungeon, and saw 10 of its levels.

You collected 1375 gold pieces.
You spent 385 gold pieces at shops.
You paid 557 gold pieces to Gozag.

Inventory:

Hand Weapons
 t - the +5 great sword of Darkness {slice, rElec rC+ Int-3}
   (You found it on level 9 of the Dungeon)

   It inflicts extra damage upon your enemies.
   It affects your intelligence (-3).
   It protects you from cold.
   It insulates you from electricity.
Missiles
 a - 76 arrows
 e - 200 stones (quivered)
 p - 38 poisoned needles
 x - 21 poisoned arrows
 y - 17 arrows of frost
 F - 11 arrows of flame
Armour
 i - a +0 large shield
 z - a +0 shield
Magical Staves
 M - an uncursed staff of poison
Jewellery
 h - an uncursed ring of teleportation
 s - a ring of wizardry (left front paw)
 E - a +4 ring of dexterity (right front paw)
Wands
 j - a wand of flame (18)
 r - a wand of confusion (21)
 C - a wand of confusion (0)
 G - a wand of digging (14)
 L - a wand of draining (0)
 O - a wand of polymorph (16)
Scrolls
 f - 2 scrolls of enchant armour
 q - a scroll of magic mapping
 A - 2 scrolls of remove curse
 K - a scroll of fog
Potions
 d - a potion of cancellation {unknown}
 g - 2 potions of curing
 k - a potion of lignification
 o - a potion of resistance {unknown}
 w - a potion of flight {unknown}
 D - 2 potions of poison {unknown}
 H - a potion of agility
 I - a potion of magic {unknown}
 J - 3 potions of brilliance {unknown}
Books
 b - a book of Changes

   Spells                             Type                      Level
   a - Beastly Appendage              Transmutation                1
   b - Sticks to Snakes               Transmutation                2
   c - Spider Form                    Transmutation/Poison         3
   d - Ice Form                       Ice/Transmutation            4
   e - Blade Hands                    Transmutation                5
 n - a book of Transfigurations

   Spells                             Type                      Level
   a - Stoneskin                      Transmutation/Earth          2
   b - Irradiate                      Conjuration/Transmutation    5
   c - Statue Form                    Transmutation/Earth          6
   d - Hydra Form                     Transmutation                6
   e - Dragon Form                    Transmutation                7
 B - a book of Flames

   Spells                             Type                      Level
   a - Flame Tongue                   Conjuration/Fire             1
   b - Throw Flame                    Conjuration/Fire             2
   c - Conjure Flame                  Conjuration/Fire             3
   d - Inner Flame                    Hexes/Fire                   3
   e - Sticky Flame                   Conjuration/Fire             4
   f - Fireball                       Conjuration/Fire             5
 N - a book of Conjurations

   Spells                             Type                      Level
   a - Magic Dart                     Conjuration                  1
   b - Searing Ray                    Conjuration                  2
   c - Dazzling Spray                 Conjuration/Hexes            3
   d - Fulminant Prism                Conjuration/Hexes            4
   e - Iskenderun's Mystic Blast      Conjuration                  4
   f - Iskenderun's Battlesphere      Conjuration/Charms           5
Comestibles
 c - 11 bread rations
 l - 3 meat rations
 m - 4 slices of pizza
 u - 2 beef jerkies
 v - 3 fruits


   Skills:
 + Level 6.2 Fighting
 + Level 6.2 Dodging
 + Level 8.6 Stealth
 + Level 7.1 Unarmed Combat
 + Level 5.6 Spellcasting
 + Level 6.5 Transmutations
 - Level 5.3 Ice Magic
 + Level 1.7 Earth Magic
 - Level 1.6 Poison Magic


You had 8 spell levels left.
You knew the following spells:

 Your Spells              Type           Power        Failure   Level  Hunger
a - Beastly Appendage     Trmt           ####..       1%          1    None
f - Spider Form           Trmt/Pois      ###.......   4%          3    ##.....
i - Ice Form              Ice/Trmt       ####....     6%          4    ####...
s - Sticks to Snakes      Trmt           ####......   1%          2    None
t - Stoneskin             Trmt/Erth      ###.....     1%          2    None


Dungeon Overview and Level Annotations

Branches:
Dungeon (10/15)            Temple (1/1) D:5            Lair (0/8) D:10
    Orc: D:9-12

Altars:
Ashenzari
Cheibriados
Dithmenos
Elyvilon
Fedhas
Gozag
Kikubaaqudgha
Makhleb
Nemelex Xobeh
Okawaru
Qazlal
Ru
Sif Muna
Trog
Vehumet
Xom
Yredelemnul
Zin
The Shining One

Shops:
D:10 =

Annotations:
D:9 Joseph
D:10 1 runed door


Innate Abilities, Weirdness & Mutations

You cannot wear most types of armour.
You are amphibious.
You can wear up to eight rings at the same time.
((You can use your tentacles to constrict eight enemies at once.))
((Your skin changes colour to match your surroundings (Stealth).))
((Your rubbery body absorbs attacks (AC +1).))


Message History

You hit the orc warrior. You freeze the orc warrior.
The orc warrior is severely wounded.
The orc warrior closely misses you.
You punch the orc warrior! You freeze the orc warrior.
You kill the orc warrior!
The orc warrior zaps a wand.
You easily resist.
Things that are here:
6 gold pieces; an enchanted short sword; a plate armour You punch the orc warrior!
You freeze the orc warrior.
The orc warrior is heavily wounded.
The orc warrior hits you with a trident!!
* * * LOW HITPOINT WARNING * * *
You are too injured to fight recklessly!
You barely miss the orc warrior.
The orc warrior is heavily wounded.
You barely miss the orc warrior.
The orc warrior is heavily wounded.
The orc warrior hits you with a trident!
You die...
Your body crumbles into a pile of gold.

##################
.................#
################.#
.................#
######################
......# ###....Yo...#
#####.# #....######.#
#.# #....# #.# #.#
#....# #.#
#####.####....######.#
#......
...........^......##.#
#...$..
#####.####....###).#.#
...... ......####....#
##.#.# # ....Z
#............## #[#.#
#.#....


You could see an orc warrior.

Vanquished Creatures
  Erica (D:9)
  Maurice (D:9)
  The ghost of Charly the Insei, an amateur OpNe of Cheibriados (D:5)
  3 yaks (D:10)
  A spriggan (D:7)
  A wyvern (D:10)
  Eustachio (D:6)
  Grum (D:9)
  A hippogriff (D:6)
  A water moccasin (D:6)
  2 wargs (D:10)
  3 wolves (D:9)
  3 ice beasts
  An orc warrior (D:10)
  4 sky beasts
  3 ogres
  A phantom (D:6)
  A centaur (D:7)
  8 giant frogs
  2 big kobolds (D:9)
  A water moccasin zombie (D:7)
  2 wyvern skeletons
  5 killer bees
  An electric eel (D:7)
  9 crimson imps
  A jelly (D:10)
  3 orc wizards
  A gnoll shaman (D:7)
  2 centaur skeletons
  6 hounds
  2 worker ants
  6 orc priests
  2 iguanas
  A killer bee zombie (D:7)
  A hound zombie (D:5)
  A hound skeleton (D:6)
  A worker ant zombie (D:6)
  4 gnolls (D:4)
  2 shadow imps
  4 adders
  An ooze (D:6)
  2 adder zombies
  An adder skeleton (D:4)
  A worm (D:1)
  2 giant geckos
  18 orcs
  2 giant cockroaches
  7 hobgoblins
  5 jackals
  12 kobolds
  4 quokkas
  A ball python (D:6)
  9 bats
  3 giant newts
  4 goblins
  A quokka zombie (D:7)
  A rat (D:1)
169 creatures vanquished.

Vanquished Creatures (collateral kills)
  An adder (D:4)
  An orc (D:3)
  A hobgoblin (D:3)
  A giant newt (D:3)
  A rat (D:2)
5 creatures vanquished.

Grand Total: 174 creatures vanquished

Notes
Turn   | Place    | Note
--------------------------------------------------------------
     0 | D:1      | Miyamura the Octopode Transmuter began the quest for the Orb.
     0 | D:1      | Reached XP level 1. HP: 13/13 MP: 3/3
   413 | D:1      | Reached XP level 2. HP: 18/18 MP: 5/5
   672 | D:1      | Reached skill level 1 in Stealth
  1036 | D:1      | Learned a level 2 spell: Sticks to Snakes
  1347 | D:1      | Reached XP level 3. HP: 15/23 MP: 1/6
  2061 | D:3      | Learned a level 3 spell: Spider Form
  2223 | D:3      | Found a glowing silver altar of Zin.
  2226 | D:3      | Found a stormy altar of Qazlal.
  2238 | D:3      | Found a shadowy altar of Dithmenos.
  2241 | D:3      | Found an opulent altar of Gozag.
  2356 | D:3      | Reached XP level 4. HP: 28/28 MP: 7/7
  2518 | D:3      | Became a worshipper of Gozag Ym Sagoz the Greedy
  2827 | D:4      | Found an ancient bone altar of Kikubaaqudgha.
  2926 | D:4      | Noticed an ogre
  2960 | D:4      | Killed an ogre
  2960 | D:4      | Reached skill level 1 in Poison Magic
  2960 | D:4      | Reached XP level 5. HP: 34/34 MP: 4/8
  3120 | D:4      | Reached XP level 6. HP: 32/40 MP: 4/9
  3262 | D:4      | Learned a level 4 spell: Ice Form
  3360 | D:4      | Reached skill level 4 in Unarmed Combat
  3571 | D:4      | Found Qerin's Food Emporium.
  3574 | D:4      | Bought a beef jerky for 15 gold pieces
  3574 | D:4      | Bought a beef jerky for 15 gold pieces
  3574 | D:4      | Bought a slice of pizza for 15 gold pieces
  3574 | D:4      | Bought a bread ration for 50 gold pieces
  3574 | D:4      | Bought a meat ration for 50 gold pieces
  3574 | D:4      | Bought a meat ration for 50 gold pieces
  3574 | D:4      | Bought a beef jerky for 15 gold pieces
  3574 | D:4      | Bought 2 fruits for 30 gold pieces
  3627 | D:5      | Entered Level 5 of the Dungeon
  3905 | D:5      | Noticed Charly's ghost (amateur OpNe)
  3967 | D:5      | Reached XP level 7. HP: 23/46 MP: 8/11
  4444 | D:5      | Found a staircase to the Ecumenical Temple.
  4449 | Temple   | Entered the Ecumenical Temple
  4548 | D:5      | Reached skill level 1 in Ice Magic
  4786 | D:5      | Killed Charly's ghost
  5214 | D:6      | Noticed Eustachio
  5267 | D:6      | Killed Eustachio
  5267 | D:6      | Reached XP level 8. HP: 32/54 MP: 6/13
  5413 | D:4      | Bought a meat ration for 50 gold pieces
  5413 | D:4      | Bought a meat ration for 50 gold pieces
  5413 | D:4      | Bought 3 fruits for 45 gold pieces
  5471 | D:6      | Reached skill level 5 in Stealth
  5692 | D:6      | Noticed a hippogriff
  5703 | D:6      | Killed a hippogriff
  5710 | D:6      | Reached skill level 5 in Unarmed Combat
  6237 | D:6      | Reached XP level 9. HP: 54/59 MP: 11/15
  6264 | D:6      | Reached skill level 6 in Stealth
  6496 | D:6      | Learned a level 2 spell: Stoneskin
  6566 | D:7      | Found a glowing golden altar of the Shining One.
  6615 | D:7      | Reached skill level 5 in Transmutations
  6705 | D:7      | Found a shimmering altar of Xom.
  6784 | D:7      | Found a sacrificial altar of Ru.
  6998 | D:7      | Reached skill level 5 in Dodging
  7181 | D:7      | You fall through a shaft for 2 floors!
  7239 | D:9      | Reached skill level 7 in Stealth
  7393 | D:9      | Noticed Joseph
  7416 | D:9      | HP: 3/60 [Joseph/uncursed quarterstaff of draining (8)]
  7725 | D:9      | Noticed Erica
  7743 | D:9      | Killed Erica
  7743 | D:9      | Reached skill level 5 in Fighting
  7743 | D:9      | Reached skill level 5 in Spellcasting
  7743 | D:9      | Reached XP level 10. HP: 66/66 MP: 8/17
  7883 | D:9      | Reached skill level 5 in Ice Magic
  7926 | D:9      | Noticed Maurice
  7947 | D:9      | Killed Maurice
  8145 | D:9      | Reached skill level 8 in Stealth
  8371 | D:9      | Noticed Grum
  8375 | D:9      | Killed Grum
  8538 | D:9      | Got a steaming great sword
  8561 | D:9      | Identified the +5 great sword of Darkness {slice, rElec rC+ Int-3} (You found it on level 9 of the Dungeon)
  8830 | D:10     | Entered Level 10 of the Dungeon
  8889 | D:10     | Found a runed door.
  9202 | D:10     | Reached skill level 1 in Earth Magic
  9361 | D:10     | Found a staircase to the Lair.
  9637 | D:10     | Mangled by an orc warrior

Action                   |  1- 3 |  4- 6 |  7- 9 | 10-12 || total
-------------------------+-------+-------+-------+-------++-------
Melee: Unarmed           |    74 |    71 |   267 |   146 ||   558
Throw: Stone             |     3 |       |       |       ||     3
 Cast: Beastly Appendage |    15 |     3 |     1 |     1 ||    20
       Sticks to Snakes  |     5 |     8 |     2 |       ||    15
       Spider Form       |       |     7 |     8 |       ||    15
       Ice Form          |       |       |    15 |    15 ||    30
       Stoneskin         |       |       |     1 |       ||     1
Invok: Potion Petition   |       |       |       |     1 ||     1
       Call Merchant     |       |       |       |     1 ||     1
 Abil: End Transformatio |       |       |     1 |       ||     1
Evoke: Wand              |       |     2 |     9 |     4 ||    15
  Use: Scroll            |     5 |     8 |     5 |     1 ||    19
       Potion            |       |     1 |     6 |       ||     7
 Stab: Sleeping          |     3 |     1 |     6 |     4 ||    14
       Distracted        |     1 |     1 |     1 |       ||     3
  Eat: Chunk             |     5 |     1 |       |       ||     6
       Beef jerky        |       |     1 |     1 |     1 ||     3
       Meat ration       |       |     1 |     2 |     2 ||     5
       Royal jelly       |       |       |     1 |       ||     1
       Fruit             |       |       |     1 |     1 ||     2
